 Dungeon Crawl Stone Soup version 0.24.0-28-g17ded55e90 (webtiles) character file.

Game seed: 5769821891999562800, levelgen mode: deterministic

1545 Aelig the Martial Artist (level 8, -1/58 HPs)
             Began as a Demigod Transmuter on Nov 11, 2019.
             Hit by a boomerang thrown by an orc warrior (20 damage)
             ... on level 8 of the Dungeon.
             The game lasted 00:14:45 (6898 turns).

Aelig the Martial Artist (Demigod Transmuter)       Turns: 6898, Time: 00:14:46

Health: -1/58      AC:  4    Str: 13    XL:     8   Next: 31%
Magic:  13/13      EV: 12    Int: 21    God:
Gold:   408        SH:  0    Dex: 16    Spells: 6/10 levels left

rFire    . . .     SeeInvis .     - Unarmed
rCold    . . .     Gourm    .   (no shield)
rNeg     . . .     Faith    .   b - +0 robe
rPois    .         Spirit   .   (no helmet)
rElec    .         Reflect  .   (no cloak)
rCorr    .         Harm     .   v - +0 pair of gloves
MR       .....                  C - +0 pair of boots
Stlth    +.........             (no amulet)
HPRegen  0.19/turn              (no ring)
MPRegen  0.13/turn              (no ring)

@: no status effects
A: high mp 1
a: no special abilities


You were on level 8 of the Dungeon.
You were not hungry.

You visited 1 branch of the dungeon, and saw 7 of its levels.

You collected 408 gold pieces.

Inventory:

Missiles
 a - 88 arrows
Armour
 b - a +0 robe (worn)
 v - a +0 pair of gloves (worn)
 C - a +0 pair of boots (worn)
Jewellery
 c - an uncursed ring of protection from cold {unknown}
 n - a +4 ring of dexterity {unknown}
 o - an uncursed amulet of harm {unknown}
 t - a +4 ring of evasion {unknown}
 y - a +4 ring of protection {unknown}
 D - an uncursed amulet of the acrobat {unknown}
Wands
 z - a wand of paralysis (2)
Scrolls
 e - a scroll of fog {unknown}
 k - 2 scrolls of identify
 l - 2 scrolls of amnesia
 m - a scroll of blinking {unknown}
 p - a scroll of teleportation {unknown}
 w - a scroll of random uselessness {unknown}
 B - a scroll of enchant armour {unknown}
 E - a scroll of immolation {unknown}
Potions
 f - 2 potions of berserk rage {unknown}
 g - a potion of resistance {unknown}
 h - a potion of brilliance {unknown}
 i - 3 potions of haste {unknown}
 j - a potion of might
 q - 3 potions of curing {unknown}
 r - 4 potions of heal wounds {unknown}
 s - 2 potions of flight {unknown}
 u - 2 potions of lignification {unknown}
 x - a potion of invisibility {unknown}
 A - a potion of magic {unknown}
Comestibles
 d - 5 rations


   Skills:
 - Level 0.8 Fighting
 - Level 1.7 Dodging
 * Level 8.7 Unarmed Combat
 - Level 1.7 Spellcasting
 - Level 5.0 Transmutations
 - Level 2.2 Poison Magic


You had 6 spell levels left.
You knew the following spells:

 Your Spells              Type           Power        Failure   Level  Hunger
a - Beastly Appendage     Tmut           ###...       1%          1    #......
c - Spider Form           Tmut/Pois      ###.......   10%         3    ###....

Your spell library contained the following spells:

 Spells                   Type           Power        Failure   Level  Hunger
 Sticks to Snakes         Tmut           ###.....     2%          2    ###....
 Blade Hands              Tmut           ###.......   45%         5    ######.
 Ice Form                 Ice/Tmut       ##......     47%         4    #####..


Dungeon Overview and Level Annotations

Branches:
Dungeon (6/15)
 Temple: D:4-7

Annotations:
D:6 1 runed translucent door, Menkaure; grindst0ne's ghost, novice OpAs


Innate Abilities, Weirdness & Mutations

You have an increased reservoir of magic. (+10% MP)


Message History

The two-headed ogre completely misses you.
The two-headed ogre hits you with a +0 giant club.
Found an escape hatch in the floor.
Found 19 gold pieces.
There is an escape hatch in the floor here.
The centaur skeleton closely misses you.
The orc wizard gestures wildly while chanting.
The orc wizard flickers and vanishes!
Deactivating autopickup; reactivate with Ctrl-A.
The centaur skeleton hits you!
* * * LOW HITPOINT WARNING * * *
Found a blue potion.
You see here a blue potion.
The quokka bites you.
* * * LOW HITPOINT WARNING * * *
The quokka twitches its whiskers.
The quokka bites you but does no damage.
The quokka bites you but does no damage.
The orc warrior throws a boomerang.
The boomerang hits you!!
You die...

....................
..........###......#
....#....o.........#
... #..............#
.. #.....o.o......#
. #..............#
#.......O......# .
#.........r....#....
#########.Z.@.......
#####+#####.


You could see a two-headed ogre, an orc warrior, 2 orcs, a quokka and a centaur
skeleton.

Vanquished Creatures
  An orc warrior (D:8)
  2 sky beasts
  A phantom (D:6)
  A centaur (D:5)
  2 bullfrogs (D:6)
  A scorpion (D:4)
  8 wights (D:6)
  2 crimson imps (D:6)
  A hound (D:8)
  2 orc priests
  A bullfrog skeleton (D:5)
  4 orc wizards
  An iguana (D:6)
  3 worker ants
  2 hound zombies (D:6)
  A hound skeleton (D:8)
  A howler monkey zombie (D:6)
  2 adders
  4 worms (D:2)
  4 dart slugs
  4 leopard geckos
  10 orcs
  13 bats
  4 giant cockroaches
  2 goblins
  7 hobgoblins
  27 jackals
  4 kobolds
  4 quokkas
  A ball python (D:3)
  8 frilled lizards
  2 leopard gecko skeletons
  A quokka skeleton (D:4)
  8 rats
139 creatures vanquished.

Notes
Turn   | Place    | Note
-------+----------+-------------------------------------------
     0 | D:1      | Aelig the Demigod Transmuter began the quest for the Orb.
     0 | D:1      | Reached XP level 1. HP: 15/15 MP: 5/5
   264 | D:1      | Reached XP level 2. HP: 19/22 MP: 5/7
   759 | D:1      | Reached XP level 3. HP: 14/27 MP: 8/8
   937 | D:1      | Learned a level 3 spell: Spider Form
  1851 | D:2      | Reached skill level 1 in Poison Magic
  2436 | D:3      | Noticed a sky beast
  2458 | D:3      | Killed a sky beast
  2458 | D:3      | Reached XP level 4. HP: 31/34 MP: 7/9
  2458 | D:3      | Reached XP level 5. HP: 36/39 MP: 7/10
  2680 | D:3      | Reached skill level 3 in Unarmed Combat
  3352 | D:3      | Found an iron altar of Okawaru.
  3362 | D:3      | Found a stormy altar of Qazlal.
  4003 | D:4      | Reached XP level 6. HP: 41/46 MP: 8/11
  4010 | D:4      | Reached skill level 4 in Unarmed Combat
  4218 | D:4      | Found a hide-covered altar of Uskayaw.
  4541 | D:5      | Entered Level 5 of the Dungeon
  4855 | D:5      | Found a glowing golden altar of the Shining One.
  4862 | D:5      | Reached skill level 5 in Transmutations
  4867 | D:5      | Found a white marble altar of Elyvilon.
  5019 | D:5      | Found a glowing silver altar of Zin.
  5046 | D:5      | Reached skill level 5 in Unarmed Combat
  5736 | D:6      | Found a shimmering altar of Xom.
  5770 | D:6      | Reached XP level 7. HP: 40/51 MP: 9/12
  5894 | D:6      | Reached skill level 6 in Unarmed Combat
  6279 | D:6      | Noticed a hungry ghost
  6282 | D:6      | Found a basalt altar of Yredelemnul.
  6286 | D:6      | Noticed Menkaure
  6307 | D:6      | Found an opulent altar of Gozag.
  6341 | D:6      | Reached skill level 7 in Unarmed Combat
  6424 | D:6      | Found a runed translucent door.
  6424 | D:6      | Noticed grindst0ne's ghost (novice OpAs)
  6512 | D:6      | Reached XP level 8. HP: 49/58 MP: 8/13
  6546 | D:6      | Reached skill level 8 in Unarmed Combat
  6715 | D:6      | You fall into a shaft and drop 2 floors!
  6823 | D:8      | Noticed a two-headed ogre
  6898 | D:8      | Hit by a boomerang thrown by an orc warrior

Levels and vault maps discovered:
D:1:      lemuel_arrival_funnel, layout_loops_ring,
          chequers_serial_rivers_micro_a, nrook_campfire
D:2:      layout_basic, first_ration
D:3:      layout_basic, amethyst_overflow_temple_binary, minmay_door_square,
          minmay_misc_feat_nine_boxes
D:4:      layout_cave_pods, marbit_many_paths
D:5:      layout_loops_ring, good_gods_mini_temple, minmay_misc_feat_square
D:6:      layout_basic, gammafunk_temple_of_torment, overflow_temple_1_default,
          ebering_ghost_reflecting_pool, grunt_gozag_breadcrumbs
D:8:      kennysheep_spiral_hall, layout_basic

Skill      XL: |  1  2  3  4  5  6  7  8 |
---------------+-------------------------+-----
Transmutations | 2 3 4 5 |  5.0
Poison Magic   | 2 |  2.2
Unarmed Combat | 3 5 7 8 |  8.7
Fighting       | |  0.8
Dodging        | |  1.7
Spellcasting   | |  1.7

Action                   |  1- 3 |  4- 6 |  7- 9 || total
-------------------------+-------+-------+-------++-------
Melee: Unarmed           |   158 |   161 |   127 ||   446
       Kick              |    14 |    21 |     7 ||    42
       Headbutt          |    13 |     1 |     6 ||    20
       Punch             |     2 |     2 |     1 ||     5
 Cast: Beastly Appendage |    27 |    14 |     9 ||    50
       Spider Form       |     7 |    15 |     9 ||    31
  Use: Potion            |     1 |       |       ||     1
       Scroll            |       |       |     1 ||     1
 Stab: Sleeping          |     3 |       |       ||     3
  Eat: Chunk             |     6 |    11 |     3 ||    20
       Ration            |       |     1 |       ||     1
Armor: Robe              |    31 |     8 |     8 ||    47
       Skin              |     5 |     2 |     1 ||     8
Dodge: Dodged            |   112 |    86 |    84 ||   282
